 Dungeon Crawl Stone Soup version 0.17-a0-528-gc205fd0 (webtiles) character file.

4039 florek the Nimble (level 10, -9/51 HPs)
             Began as a Spriggan Assassin on Apr 12, 2015.
             Was a Believer of Dithmenos.
             Killed by an exploding giant spore (33 damage)
             ... on level 9 of the Dungeon.
             The game lasted 00:59:32 (11983 turns).

florek the Nimble (Spriggan Assassin)              Turns: 11983, Time: 00:59:32

Health: -9/51      AC:  3    Str:  8    XL:     10   Next: 4%
Magic:  12/13      EV: 26    Int: 13    God:    Dithmenos [**....]
Gold:   545        SH:  0    Dex: 20    Spells: 1 memorised, 11 levels left

rFire  . . .     SeeInvis +     p - +2 dagger (venom)
rCold  . . .     Clarity  .     c - +0 robe
rNeg   . . .     SustAb   .     (shield restricted)
rPois  .         Gourm    .     (helmet restricted)
rElec  .         Spirit   .     d - +0 cloak
rCorr  .         Warding  .     (gloves unavailable)
rMut   .         Stasis   .     (boots unavailable)
MR     +....                    (no amulet)
Stlth  +++.......               (no ring)
                                (no ring)

@: confused, wreathed by umbra, very quick, somewhat resistant to hostile
enchantments, fairly stealthy
A: unfitting armour, see invisible, herbivore 3, speed 3, slow metabolism 2
a: Shadow Step, Renounce Religion


You were on level 9 of the Dungeon.
You worshipped Dithmenos.
Dithmenos was pleased with you.
You were very hungry.

You visited 2 branches of the dungeon, and saw 10 of its levels.

You collected 545 gold pieces.

Inventory:

Hand weapons
 a - a +2 dagger
 b - a +0 blowgun
 p - a +2 dagger of venom (weapon)
 C - a +0 dagger of speed
Missiles
 f - 49 poisoned needles
 x - a curare-tipped needle
Armour
 c - a +0 robe (worn)
 d - a +0 cloak (worn)
Jewellery
 E - an uncursed amulet of the gourmand
 H - an uncursed ring of fire
Magical devices
 e - a wand of digging (0)
 k - a wand of digging (11)
 F - a wand of enslavement (7)
 K - a wand of slowing (19)
 P - a wand of frost (33)
 Q - a wand of frost (28)
Scrolls
 i - 3 scrolls of remove curse
 j - 6 scrolls of magic mapping
 l - 3 scrolls of fog
 n - a scroll of random uselessness {unknown}
 q - a scroll of noise
 t - a scroll of holy word {unknown}
 y - 2 scrolls of fear
 B - 3 scrolls of teleportation
 J - 3 scrolls of enchant armour {unknown}
Potions
 h - 3 potions of restore abilities
 m - a potion of curing
 o - 2 potions of resistance
 s - 2 potions of cancellation {unknown}
 u - 2 potions of agility {unknown}
 v - a potion of degeneration {unknown}
 w - a potion of berserk rage {unknown}
 z - 2 potions of haste {unknown}
 A - 3 potions of might
 D - a potion of poison {unknown}
 L - a potion of flight {unknown}
 N - a potion of heal wounds {unknown}
Books
 I - a book of Conjurations

   Spells                             Type                      Level
   a - Magic Dart                     Conjuration                  1
   b - Searing Ray                    Conjuration                  2
   c - Dazzling Spray                 Conjuration/Hexes            3
   d - Fulminant Prism                Conjuration/Hexes            4
   e - Iskenderun's Mystic Blast      Conjuration                  4
   f - Iskenderun's Battlesphere      Conjuration/Charms           5
 M - a book of Envenomations

   Spells                             Type                      Level
   a - Spider Form                    Transmutation/Poison         3
   b - Alistair's Intoxication        Transmutation/Poison         4
   c - Olgreb's Toxic Radiance        Poison                       4
   d - Poisonous Cloud                Conjuration/Poison/Air       6
Comestibles
 g - 8 bread rations
 r - 9 fruits


   Skills:
 + Level 4.3 Fighting
 + Level 6.6 Short Blades
 - Level 3.4 Throwing
 + Level 13.5 Dodging
 + Level 11.3 Stealth
 + Level 1.9 Spellcasting
 + Level 1.0 Conjurations
 + Level 0.4 Invocations


You had 11 spell levels left.
You knew the following spells:

 Your Spells              Type           Power        Failure   Level  Hunger
a - Magic Dart            Conj           #...         17%         1    ##.....


Dungeon Overview and Level Annotations

Branches:
Dungeon (9/15)             Temple (1/1) D:4
   Lair: D:8-11         Orc: D:9-12

Altars:
Ashenzari
Cheibriados
Dithmenos
Elyvilon
Fedhas
Kikubaaqudgha
Makhleb
Nemelex Xobeh
Sif Muna
Trog
Vehumet
Xom
Yredelemnul
Zin

Annotations:
D:3 Robin
D:6 Menkaure


Innate Abilities, Weirdness & Mutations

You are tiny and cannot use many weapons and most armour.
You have supernaturally acute eyesight.
You are a herbivore.
You cover ground extremely quickly.
You need consume almost no food.


Message History

Press: ? - help, Shift-Dir - straight line, f - phantom
Aim: a phantom (severely damaged, umbra)
The magic dart hits the phantom.
The phantom is almost destroyed.
Casting: Magic Dart
Confirm with . or Enter, or press ? or * to list all spells.
Aiming: Magic Dart
Press: ? - help, Shift-Dir - straight line, f/p - phantom
Aim: a phantom (almost destroyed, umbra)
The magic dart hits the phantom.
The phantom is almost destroyed.
The phantom blinks!
The phantom blinks!
You see here a long sword.
There is a stone staircase leading down here.
The giant spore explodes!
The explosion of spores engulfs you!
You are confused.
Ouch! That really hurt!
You die...

#...o§#..,#≈≈≈≈≈≈≈≈≈#.
#.....#..,#≈≈≈Z≈≈≈≈≈#.
#.....#...#8≈≈≈o≈≈≈8#.
#.....#...#####'#####.
####.##...'.........#.
#Z##((.#.Z.......#.
#.)#####.C#####..'.
##.#..go.z#####.(#.
#@#.).#.........##
#.#$..#.........'.
#.######5##'#####.
#.#.....Z.#.....#.
#.#g5ar...#...†.#.
#.#.......#.....#.
#<################
##D# #.#


You could see a seven-headed hydra (wandering), an orc and a quokka zombie.

Vanquished Creatures
  Erolcha (D:9)
  A two-headed ogre (D:9)
  Sigmund (D:3)
  Eustachio (D:6)
  Edmund (D:4)
  A water moccasin (D:8)
  Duvessa (D:6)
  An orc warrior (D:6)
  2 black bears
  3 sky beasts
  5 ogres
  2 big kobolds
  5 giant frogs
  Dowan (D:6)
  3 scorpions
  A wight (D:9)
  A goliath beetle (D:6)
  4 crimson imps
  A jelly (D:9)
  A centaur skeleton (D:8)
  4 orc wizards
  3 iguanas
  Natasha (thrice) (D:3)
  7 worker ants
  2 hound skeletons
  5 adders
  5 worms
  An adder zombie (D:5)
  2 adder skeletons
  5 giant geckos
  3 oozes
  8 orcs
  17 bats
  3 bat skeletons
  A bat zombie (D:6)
  4 giant cockroaches (D:3)
  23 goblins
  16 hobgoblins
  14 jackals
  2 ball python skeletons
  A giant gecko skeleton (D:5)
  4 giant newts
  A jackal skeleton (D:4)
  14 kobolds
  8 rats
193 creatures vanquished.

Notes
Turn   | Place    | Note
--------------------------------------------------------------
     0 | D:1      | florek, the Spriggan Assassin, began the quest for the Orb.
     0 | D:1      | Reached XP level 1. HP: 10/10 MP: 2/2
    47 | D:1      | Reached skill level 6 in Stealth
   292 | D:1      | Reached XP level 2. HP: 11/14 MP: 3/3
   551 | D:1      | Reached skill level 7 in Stealth
   882 | D:2      | Reached XP level 3. HP: 18/18 MP: 4/4
  1749 | D:2      | Reached XP level 4. HP: 23/23 MP: 5/5
  2229 | D:3      | Noticed Robin
  2544 | D:3      | Noticed Natasha
  2555 | D:3      | Killed Natasha
  2555 | D:3      | Reached skill level 8 in Stealth
  2708 | D:3      | Noticed Natasha
  2724 | D:3      | Killed Natasha
  2724 | D:3      | Reached XP level 5. HP: 19/26 MP: 6/6
  2871 | D:3      | Noticed Sigmund
  2901 | D:3      | Noticed Natasha
  2921 | D:3      | Killed Natasha
  2961 | D:3      | Killed Sigmund
  2961 | D:3      | Reached skill level 9 in Stealth
  2961 | D:3      | Reached XP level 6. HP: 26/30 MP: 7/7
  4019 | D:4      | Found a staircase to the Ecumenical Temple.
  4024 | Temple   | Entered the Ecumenical Temple
  4032 | Temple   | Became a worshipper of Dithmenos the Shadowed
  4087 | D:4      | Noticed Edmund
  4159 | D:4      | Killed Edmund
  4159 | D:4      | Reached skill level 5 in Dodging
  4315 | D:4      | Reached XP level 7. HP: 35/35 MP: 8/8
  5158 | D:5      | Entered Level 5 of the Dungeon
  5464 | D:5      | Found an ancient bone altar of Kikubaaqudgha.
  5552 | D:5      | Found a shattered altar of Ashenzari.
  6278 | D:5      | Found a radiant altar of Vehumet.
  6539 | D:6      | Noticed Dowan
  6540 | D:6      | Noticed Duvessa
  6648 | D:6      | Reached skill level 10 in Stealth
  6648 | D:6      | Reached XP level 8. HP: 40/40 MP: 9/9
  6766 | D:6      | Learned a level 1 spell: Magic Dart
  6900 | D:6      | Noticed Eustachio
  6944 | D:6      | Killed Eustachio
  7141 | D:6      | Found a blossoming altar of Fedhas.
  7142 | D:6      | Found a glowing silver altar of Zin.
  7169 | D:6      | Found a burning altar of Makhleb.
  7179 | D:6      | Noticed Menkaure
  7593 | D:6      | Found a deep blue altar of Sif Muna.
  8069 | D:6      | Reached skill level 10 in Dodging
  8069 | D:6      | Reached skill level 11 in Stealth
  8069 | D:6      | Reached skill level 1 in Spellcasting
  8122 | D:6      | Killed Duvessa
  8242 | D:6      | Killed Dowan
  8242 | D:6      | Reached XP level 9. HP: 36/45 MP: 10/12
  8275 | D:6      | Acquired Dithmenos's first power
  8837 | D:7      | Found a basalt altar of Yredelemnul.
  8989 | D:7      | Reached skill level 5 in Short Blades
 10187 | D:9      | Noticed Erolcha
 10234 | D:9      | Killed Erolcha
 10234 | D:9      | Reached skill level 12 in Dodging
 10234 | D:9      | Reached skill level 1 in Conjurations
 10416 | D:9      | Found a white marble altar of Elyvilon.
 10475 | D:9      | Noticed a seven-headed hydra
 10559 | D:9      | Noticed a frost giant
 10826 | D:9      | Reached skill level 13 in Dodging
 11076 | D:9      | Reached XP level 10. HP: 51/51 MP: 13/13
 11983 | D:9      | Killed by an exploding giant spore

Action                   |  1- 3 |  4- 6 |  7- 9 | 10-12 || total
-------------------------+-------+-------+-------+-------++-------
Melee: Dagger            |    90 |   172 |   802 |    63 ||  1127
 Fire: Blowgun           |    23 |    12 |    35 |       ||    70
 Cast: Magic Dart        |       |       |    29 |     3 ||    32
Invok: Shadow Step       |       |       |     1 |       ||     1
Evoke: Wand              |       |       |     1 |     1 ||     2
  Use: Scroll            |       |    10 |     9 |     2 ||    21
       Potion            |       |       |     3 |       ||     3
 Stab: Sleeping          |     5 |    10 |    16 |       ||    31
       Distracted        |     2 |     1 |     3 |     2 ||     8
  Eat: Pizza             |       |     1 |       |       ||     1
       Bread ration      |       |       |     1 |       ||     1
       Royal jelly       |       |       |     1 |       ||     1
